 Dungeon Crawl Stone Soup version 0.29-a0-330-g52719c12eb (webtiles) character file.

Game seed: 8345597572065847200

70 kae the Firebug (level 3, -1/28 HPs)
             Began as a Demigod Fire Elementalist on May 13, 2022.
             Slain by a black bear (2 damage)
             ... on level 3 of the Dungeon.
             The game lasted 00:01:17 (2443 turns).

kae the Firebug (Demigod Fire Elementalist)         Turns: 2443, Time: 00:01:18

Health: -1/28      AC:  3    Str: 11    XL:     3   Next: 76%
Magic:  2/9        EV: 12    Int: 21    God:
Gold:   51         SH:  0    Dex: 14    Spells: 5/6 levels left

rFire   . . .      SeeInvis .   c - +0 whip
rCold   . . .      Faith    .   (no shield)
rNeg    . . .      Spirit   .   a - +0 robe
rPois   .          Reflect  .   (no helmet)
rElec   .          Harm     .   (no cloak)
rCorr   .          Rampage  .   (no gloves)
Will    .....                   i - +0 pair of boots
Stlth   ++........              h - amulet of the acrobat
HPRegen 0.09/turn               (no ring)
MPRegen 0.11/turn               (no ring)

@: no status effects
A: high MP 1, forlorn, divine attributes, mutation resistance 1, strong 1
a: no special abilities


You were on level 3 of the Dungeon.
You visited 1 branch of the dungeon, and saw 3 of its levels.

You collected 51 gold pieces.

Inventory:

Hand Weapons
 c - a +0 whip (weapon)
Armour
 a - a +0 robe (worn)
 i - a +0 pair of boots (worn)
Jewellery
 h - an amulet of the acrobat (around neck)
Scrolls
 e - a scroll of immolation
Potions
 b - 2 potions of magic
 d - a potion of might {unknown}
 f - a potion of curing


   Skills:
 + Level 1.2 Fighting
 + Level 2.3 Dodging
 - Level 1.7 Stealth
 + Level 2.3 Spellcasting
 + Level 1.6 Conjurations
 + Level 3.1 Fire Magic


You had 5 spell levels left.
You knew the following spells:

 Your Spells              Type           Power      Damage    Failure   Level
a - Foxfire               Conj/Fire      48%        2x1d6     5%          1

Your spell library contained the following spells:

 Spells                   Type           Power      Damage    Failure   Level
 Scorch                   Fire           30%        2d6       6%          2
 Shock                    Conj/Air       20%        1d4       11%         1
 Beastly Appendage        Tmut           4%         N/A       14%         1
 Conjure Flame            Conj/Fire      12%        6-21      16%         3
 Wereblood                Tmut           2%         N/A       22%         2
 Inner Flame              Hex/Fire       8%         N/A       22%         3
 Spider Form              Tmut/Pois      2%         N/A       41%         3
 Swiftness                Air            2%         N/A       41%         3
 Flame Wave               Conj/Fire      12%        2d6       47%         4
 Airstrike                Air            1%         N/A       82%         4


Dungeon Overview and Level Annotations

Branches:
Dungeon (3/15)


Innate Abilities, Weirdness & Mutations

You have an increased reservoir of magic. (+10% MP)
You shall have no god before yourself.
Your divine heritage dramatically boosts your attributes as you level up.
You are somewhat resistant to further mutation.
Your muscles are strong. (Str +2)


Message History

Casting: Foxfire (safe; 5% risk of failure)
Confirm with . or Enter, or press ? or * to list all spells.
You conjure some foxfire!
An endoplasm comes into view.
The black bear goes berserk!
The foxfire hits the black bear.
The black bear is almost dead.
The black bear bites you. The black bear claws you.
The black bear completely misses you.
Casting: Foxfire (safe; 5% risk of failure)
Confirm with . or Enter, or press ? or * to list all spells.
You conjure some foxfire!
The black bear completely misses you. The black bear misses you.
The black bear claws you. The black bear bites you!
* * * LOW HITPOINT WARNING * * *
The black bear claws you but does no damage. x2
The foxfire hits the black bear.
The black bear is almost dead.
The black bear misses you. The black bear closely misses you.
The black bear completely misses you.
Casting: Foxfire (safe; 5% risk of failure)
Confirm with . or Enter, or press ? or * to list all spells.
You conjure some foxfire!
The black bear closely misses you. The black bear claws you.
* * * LOW HITPOINT WARNING * * *
The black bear barely misses you.
The black bear bites you but does no damage.
The black bear claws you.
* * * LOW HITPOINT WARNING * * *
The black bear claws you.
* * * LOW HITPOINT WARNING * * *
The foxfire hits the black bear.
The black bear is almost dead.
The black bear completely misses you. The black bear misses you.
The black bear barely misses you.
Casting: Foxfire (safe; 5% risk of failure)
Confirm with . or Enter, or press ? or * to list all spells.
You conjure some foxfire!
The black bear bites you but does no damage.
The black bear claws you.
You die...

#.# ... #.# ...
#.# ..# #.# #..
#.# #J# #.# #h#
#.#####h#
##########.##..v@#
......##......####
......##.....##
......##.....#
......##.....#
<............#
......#......#
......##..<.....
########.....###


You could see a black bear (berserk, ally target), an endoplasm and a jackal.

Vanquished Creatures
  3 adders (D:2)
  A worm (D:2)
  4 dart slugs
  4 ball pythons
  A bat (D:2)
  3 endoplasms
  2 giant cockroaches
  4 goblins
  2 hobgoblins (D:2)
  2 jackals
  A quokka (D:2)
  A frilled lizard (D:2)
  2 kobolds (D:2)
  A rat (D:3)
31 creatures vanquished.

Vanquished Creatures (others)
  130 foxfires
  6 plants (D:3)
136 creatures vanquished.

Grand Total: 167 creatures vanquished

Notes
Turn   | Place    | Note
-------+----------+-------------------------------------------
     0 | D:1      | kae the Demigod Fire Elementalist began the quest for the
                  | Orb.
     0 | D:1      | Reached XP level 1. HP: 14/14 MP: 5/5
    30 | D:1      | Reached skill level 1 in Conjurations
   689 | D:1      | Reached XP level 2. HP: 22/22 MP: 5/7
  1171 | D:2      | Reached skill level 3 in Fire Magic
  1411 | D:2      | Reached XP level 3. HP: 27/27 MP: 5/8
  1481 | D:2      | Reached skill level 1 in Fighting
  1722 | D:2      | Gained mutation: Your muscles are strong. (Str +2) [potion
                  | of mutation]
  1722 | D:2      | Gained mutation: You are somewhat resistant to further
                  | mutation. [potion of mutation]
  2428 | D:3      | Noticed a black bear
  2441 | D:3      | HP: 1/28 [black bear (1)]
  2443 | D:3      | Slain by a black bear

Illustrated notes

Levels and vault maps discovered:
D:1:      dpeg_arrival_central, layout_basic,
          shapermc_ecumenical_altar_mp_ritualfount, minmay_misc_feat_cross
D:2:      layout_basic, basic_altar, minmay_split_cup_small
D:3:      layout_rooms, nicolae_grassy_gnolls, uniq_robin

Skill      XL: |  1  2  3 |
---------------+----------+-----
Conjurations   | 1 |  1.6
Dodging        | 2 |  2.3
Spellcasting   | 2 |  2.3
Fire Magic     | 3 |  3.1
Fighting       | 1 |  1.2
Stealth        | |  1.7

Action                   || total
-------------------------++-------
Melee: Whip              ||    11
 Cast: Foxfire           ||    86
  Use: Scroll            ||     4
       Potion            ||     5
Armor: Robe              ||    12
Dodge: Dodged            ||    51

Table legend: (Time is in decaauts)
 A = Elapsed time spent in this place.
 B = Non-inter-level travel time spent in this place.
 C = Inter-level travel time spent in this place.
 D = Time resting spent in this place.
 E = Time spent auto-exploring this place.
 F = Levels seen in this place.
 G = Mean time per level.
                   A        B        C        D        E       F      G
               +--------+--------+--------+--------+--------+-----+--------+
         Total |   2443 |   2341 |    102 |    123 |   1937 |   3 |  814.3 |
       Dungeon |   2443 |   2341 |    102 |    123 |   1937 |   3 |  814.3 |
               +--------+--------+--------+--------+--------+-----+--------+

Top non-repeatable levels by time:
     D:2: 1571 daAuts
     D:1: 796 daAuts
     D:3: 74 daAuts
